 Dungeon Crawl Stone Soup version 0.31-a0-145-g046c7d2549 (webtiles) character file.

Game seed: 10111450037931923980

4 Cadnt the Insei (level 1, 0/15 HPs)
             Began as a Demigod Transmuter on June 5, 2023.
             Constricted to death by a ball python (1 damage)
             ... on level 1 of the Dungeon.
             The game lasted 00:06:17 (701 turns).

Cadnt the Insei (Demigod Transmuter)                 Turns: 701, Time: 00:06:18

Health: 0/15       AC:  2    Str: 11    XL:     1   Next: 46%
Magic:  4/5        EV:  9    Int: 15    God:
Gold:   5          SH:  0    Dex: 14    Spells: 2/3 levels left

rFire   . .          .
                       - Unarmed
rCold   . . .        (no shield)
rNeg    . . .        a - +0 robe
rPois   .            (helmet currently unavailable)
rElec   .            (no cloak)
rCorr   .            (no gloves)
SInv    .            (boots currently unavailable)
Will    .....        (no amulet)
Stlth   +            (no ring)
HPRegen 0.22/turn    (no ring)
MPRegen 0.09/turn

%: no passive effects
@: appendages (expiring), very slightly contaminated, constricted
A: horns 2, talons 2, high MP 1, forlorn, divine attributes
a: End Transformation


You were on level 1 of the Dungeon.
You had temporarily grown beastly horns and talons.
You visited 1 branch of the dungeon, and saw 1 of its levels.

You collected 5 gold pieces.

Inventory:

Armour
 a - a +0 robe (worn)
Scrolls
 c - 2 scrolls of identify {unknown}
Potions
 b - a potion of lignification
 d - a potion of heal wounds {unknown}
 e - a potion of haste {unknown}


   Skills:
 + Level 0.8 Fighting
 + Level 2.0 Dodging
 + Level 2.8 Unarmed Combat
 + Level 1.7 Spellcasting
 + Level 1.7 Transmutations


You had 2 spell levels left.
You knew the following spells:

 Your Spells              Type           Power      Damage    Failure   Level
a - Beastly Appendage     Tmut           12%        N/A       11%         1

Your spell library contained the following spells:

 Spells                   Type           Power      Damage    Failure   Level
 Wereblood                Tmut           6%         N/A       17%         2
 Spider Form              Tmut/Pois      4%         N/A       43%         3
 Ice Form                 Ice/Tmut       4%         N/A       83%         4


Dungeon Overview and Level Annotations

Branches:
Dungeon (1/15)


Innate Abilities, Weirdness & Mutations

You have temporarily grown beastly horns and talons.
You have an increased reservoir of magic. (+10% MP)
You shall have no god before yourself.
Your divine heritage dramatically boosts your attributes as you level up.


Message History

You hit the rat.
The rat is severely wounded.
The giant cockroach barely misses you. The rat barely misses you.
The giant cockroach barely misses you.
You hit the rat but do no damage. Your kick misses the rat.
Your punch misses the rat.
The rat is severely wounded.
The rat misses you. The giant cockroach barely misses you.
You barely miss the rat. Your headbutt misses the rat.
The rat is severely wounded.
The ball python misses you. The ball python grabs you.
The ball python constricts you. The rat bites you.
The giant cockroach bites you but does no damage.
You hit the rat.
You kill the rat!
The ball python bites you but does no damage.
The ball python constricts you. The giant cockroach bites you.
* * * LOW HITPOINT WARNING * * *
The ball python misses you. The ball python constricts you.
Your Dodging skill increases to level 2!
There are no objects that can be picked up here. a quokka corpse
There are no objects that can be picked up here. a quokka corpse
Casting: Beastly Appendage (safe; 11% risk of failure)
Press: ? - help, Q - select action Dir - look around, f - activate You miscast Beastly Appendage.
You are very lightly contaminated with residual magic.
Nothing appears to happen.
The giant cockroach misses you. The ball python bites you.
* * * LOW HITPOINT WARNING * * *
The ball python constricts you.
You hit the giant cockroach but do no damage.
Your kick misses the giant cockroach.
Your headbutt misses the giant cockroach.
The giant cockroach bites you but does no damage.
The ball python bites you.
* * * LOW HITPOINT WARNING * * *
The ball python constricts you.
You die...

## .# ........ ... ...
... ...# .... ... .
#..#####.... ... #.##
...#...# #.#
#....##.B.## #.# #
#...@†..### #.# ##.
#....S....## #.###...
#....#####....###..#..#
..## ##.#......~..# #
#..[........#
##...#......##
#.#...~~..##.
...##...~.....
...####.......#.


You could see a giant cockroach and a ball python.

Vanquished Creatures
  A ball python (D:1)
  An endoplasm (D:1)
  A quokka (D:1)
  A rat (D:1)
4 creatures vanquished.

Notes
Turn   | Place    | Note
-------+----------+-------------------------------------------
     0 | D:1      | Cadnt the Demigod Transmuter began the quest for the Orb.
     0 | D:1      | Reached XP level 1. HP: 15/15 MP: 5/5
   701 | D:1      | Constricted to death by a ball python

Illustrated notes

Levels and vault maps discovered:
D:1:      minmay_arrival_stair_chambers, layout_rooms,
          chequers_serial_rivers_micro_c

Skill      XL: |  1 |
---------------+----+-----
Dodging        | 2 |  2.0
Fighting       | |  0.8
Unarmed Combat | |  2.8
Spellcasting   | |  1.7
Transmutations | |  1.7

Action                     || total
---------------------------++-------
  Melee: Unarmed           ||    11
         Kick              ||     1
   Cast: Beastly Appendage ||     5
 Armour: Robe              ||     3
  Dodge: Dodged            ||    20

Table legend: (Time is in decaauts)
 A = Elapsed time spent in this place.
 B = Non-inter-level travel time spent in this place.
 C = Inter-level travel time spent in this place.
 D = Time resting spent in this place.
 E = Time spent auto-exploring this place.
 F = Levels seen in this place.
 G = Mean time per level.
                   A        B        C        D        E       F      G
               +--------+--------+--------+--------+--------+-----+--------+
         Total |    700 |    700 |      0 |    423 |     42 |   1 |  700.0 |
       Dungeon |    700 |    700 |      0 |    423 |     42 |   1 |  700.0 |
               +--------+--------+--------+--------+--------+-----+--------+

Top non-repeatable levels by time:
     D:1: 700 daAuts
